AoeStats
← Mr. Penis

Oasis

509586301Analyzed
4v4 RM · 4d ago on Sep 27, 2026· 21m 4s· 8 players
Game mode
Random Map
Map size
Large (8 player)
Population
200
Speed
Normal
Resources
Standard
Victory
Conquest
Starting age
Dark Age
Ending age
Imperial Age
RankedLock teamsTeams togetherTeam positionsShared explorationLock speedFull tech treeHidden civsTurbo modeCheats
Victory
Defeat
🇭🇰 Poles · Hong Kong SAR China
1357
+13
🇦🇺 Jurchens · Australia
1265
+16
🇦🇺 Saracens · Australia
1240
+17
🇹🇼 Dravidians · Taiwan
1238
+18
🇩🇪 Ethiopians · Germany
1309
-17
🇷🇺 Jurchens · Russia
1279
-16
🇮🇱 Mapuche · Israel
1275
-16
🇹🇼 Franks · Taiwan
1243
-15
傳奇商店
2:17 Loom
12:05 Feudal Age
18:54 Forging
18:50 Scale Barding Armor
Kompromist
10:24 Feudal Age
10:47 Loom
11:03 Double-Bit Axe
Mike
5:38 Loom
11:13 Feudal Age
12:44 Champi Runner
17:49 Double-Bit Axe
Mr. Penis
11:15 Feudal Age
15:17 Castle Age
13:02 Horse Collar
13:20 Double-Bit Axe
17:13 Bow Saw
20:10 Loom
Just for fun
3:35 Loom
10:21 Feudal Age
12:10 Double-Bit Axe
13:04 Horse Collar
18:44 Castle Age
17:41 Scale Barding Armor
17:46 Forging
18:36 Bloodlines
19:00 Gold Mining
potatochips
6:52 Loom
9:29 Feudal Age
12:47 Scale Barding Armor
14:46 Double-Bit Axe
17:08 Wheelbarrow
18:06 Horse Collar
21:16 Castle Age
19:34 Fletching
21:21 Padded Archer Armor
God Dih
1:17 Loom
7:34 Loom
9:47 Feudal Age
10:45 Double-Bit Axe
13:38 Fletching
20:30 Castle Age
20:48 Padded Archer Armor
21:19 Bodkin Arrow
20:46 Crossbowman
israeli banker
9:28 Feudal Age
11:38 Double-Bit Axe
12:26 Scale Barding Armor
13:40 Horse Collar
15:45 Bloodlines
16:46 Forging
22:13 Wheelbarrow
Connection lost

Rejoining the realm…

Still unreachable

The connection could not be restored.

Session expired

The server has moved on; the page needs a fresh start.